 Dungeon Crawl Stone Soup version 0.32-a0-999-gfa1cc04b1d (webtiles) character file.

Game seed: 8650525735505324429

211 KennySheep the Magician (level 5, -2/32 (41) HPs)
             Began as a Mountain Dwarf Hedge Wizard on Apr 24, 2024.
             Slain by a wight
             ... wielding a +4 short sword
              (3 damage)
             ... on level 2 of the Dungeon.
             The game lasted 00:13:15 (3193 turns).

KennySheep the Magician (MDHW)                      Turns: 3193, Time: 00:13:16

HP:   -2/32 (41)    AC: 11    Str: 13      XL:     5   Next: 57%
MP:   7/9           EV:  8    Int: 16      God:
Gold: 90            SH:  0    Dex:  7 (9)  Spells: 5/10 levels left

rFire   + . .        a - staff of fire
rCold   . . .        (no shield)
rNeg    . . .        p - +0 scale mail
rPois   .            j - +1 helmet
rElec   .            (no cloak)
rCorr   .            n - +2 pair of gloves
SInv    .            (no boots)
Will    .....        (no amulet) Stlth
                     (no ring)
HPRegen 0.25/turn    (no ring)
MPRegen 0.11/turn

%: no passive effects
@: heavily drained
A: runic magic, artefact enchanting
a: no special abilities


You were on level 2 of the Dungeon.
You visited 1 branch of the dungeon, and saw 3 of its levels.

You collected 90 gold pieces.

Inventory:

Hand Weapons
 l - a +0 dagger of venom
Armour
 j - a +1 helmet (worn)
 n - a +2 pair of gloves (worn)
 p - a +0 scale mail (worn)
Magical Staves
 a - a staff of fire (weapon)
Wands
 i - a wand of polymorph (8)
 o - a wand of flame (15)
Scrolls
 b - a scroll of enchant weapon {unknown}
 e - a scroll of fog
 g - a scroll of vulnerability
 h - a scroll of enchant armour
 m - a scroll of revelation
Potions
 c - 3 potions of curing {unknown}
 d - a potion of magic
 k - 2 potions of attraction {unknown}


   Skills:
 + Level 1.6 Fighting
 * Level 1.6 Staves
 + Level 1.9 Armour
 - Level 1.3 Dodging
 - Level 1.4 Stealth
 + Level 3.3 Spellcasting
 - Level 1.9 Conjurations
 + Level 1.9 Summonings
 - Level 0.7 Translocations
 * Level 2.0 Fire Magic
 + Level 1.5 Evocations


You had 5 spell levels left.
You knew the following spells:

 Your Spells              Type           Power      Damage    Failure   Level
a - Magic Dart            Conj           32%        1d4       12%         1
b - Call Imp              Summ           18%        N/A       19%         2
c - Blink                 Tloc           8%         N/A       30%         2

Your spell library contained the following spells:

 Spells                   Type           Power      Damage    Failure   Level
 Slow                     Hex            8%         N/A       26%         1
 Cigotuvi's Dreadful Rot  Necr/Alch/Air  4%         N/A       38%         2
 Mephitic Cloud           Conj/Alch/Air  4%         N/A       52%         3


Dungeon Overview and Level Annotations

Branches:
Dungeon (3/15)

Altars:


Innate Abilities, Weirdness & Mutations

Your spellcasting is much less encumbered by armour.
You can use scrolls of enchantment on lesser artefacts.


Message History

Aiming: Magic Dart (safe; 13% risk of failure)
Press: ? - help, Q - select action, (/) - cycle Shift-Dir - straight line, f - wight
Aim: a wight, wielding a +0 trident and wearing a +0 robe (almost destroyed, ally target, 100% to hit)
You miscast Magic Dart.
You are very lightly contaminated with residual magic.
Nothing appears to happen.
Your cerulean imp hits the wight from afar with a -4 spear.
The wight is destroyed!
You feel your strength returning.
You feel your intelligence returning.
Your Fire Magic skill increases to level 2!
You start resting.
Your magical contamination has completely faded away.
You start resting.
Your cerulean imp disappears in a puff of smoke!
Magic restored.
You start resting.
A wight is nearby!
There is a stone staircase leading up here.
The wight hits you with a +4 short sword.
You climb upwards.
There is a stone staircase leading down here.
Casting: Magic Dart (safe; 12% risk of failure)
Confirm with . or Enter, or press ? or * to list all spells.
A tiny devil pulls itself out of the air.
The wight hits you with a +4 short sword!
You feel drained.
Your cerulean imp hits the wight from afar with a -4 spear.
Your cerulean imp misses the wight.
You hit the wight but do no damage.
The wight is lightly damaged.
The wight hits you with a +4 short sword.
You feel drained.
Your cerulean imp hits the wight with a -4 spear.
You hit the wight but do no damage.
The wight is lightly damaged.
The wight hits you with a +4 short sword!
* * * LOW HITPOINT WARNING * * *
Your cerulean imp hits the wight but does no damage.
The wight hits you with a +4 short sword.
You die...

#..##.#..##.#....#..#....)#..#.#
##....##....##...#..#######..#.##
..##.#..##.#.....##..............
..#.##..#.##รท.#####..#...###.##.#
##....##....#######..#.....#.##.#
.#.##..#.##..#...............##.#
#..##.#..##.#.##.....#..#######.#
##....##....####5###.#...........
..##.#..##.#...z@###.#.########.#
..#.##..#.##..>.........####..#.#
......###.##.#####............#..
......# #.##.# #........###.###
......# #.##.# #####......#.#<.
......# #.##.# #......#.#.#.#.#
......# #.##)# #.###....#.#.#..
......# #.##.# #.# ######.#.###
#.#######.##.# #.# #.#....


You could see a wight (ally target) and a friendly cerulean imp (summoned).

Vanquished Creatures
  A howler monkey (D:2)
  Natasha (twice) (D:2)
  An adder (D:2)
  An orc (D:3)
  4 endoplasms
  A giant cockroach (D:2)
  A goblin (D:2)
  5 hobgoblins
  4 kobolds
  2 quokkas
  3 ball pythons
  6 bats
  A frilled lizard (D:1)
  4 rats (D:1)
36 creatures vanquished.

Vanquished Creatures (collateral kills)
  A wight (D:3)
  Natasha (D:2)
  A ribbon worm (D:3)
  A giant cockroach (D:2)
4 creatures vanquished.

Grand Total: 40 creatures vanquished

Notes
Turn   | Place    | Note
-------+----------+-------------------------------------------
     0 | D:1      | KennySheep the Mountain Dwarf Hedge Wizard began the quest
                  | for the Orb.
     0 | D:1      | Reached XP level 1. HP: 14/14 MP: 4/4
    57 | D:1      | Reached skill level 1 in Conjurations
   537 | D:1      | Reached XP level 2. HP: 20/20 MP: 1/5
   540 | D:1      | Learned a level 2 spell: Call Imp
   543 | D:1      | Learned a level 2 spell: Blink
   860 | D:1      | Reached skill level 3 in Spellcasting
  1465 | D:2      | Reached skill level 1 in Armour
  1465 | D:2      | Reached XP level 3. HP: 18/27 MP: 3/7
  1524 | D:2      | Reached skill level 1 in Fighting
  1524 | D:2      | Reached skill level 1 in Fire Magic
  1524 | D:2      | Reached XP level 4. HP: 32/35 MP: 0/8
  1598 | D:2      | Noticed Natasha
  1611 | D:2      | Killed Natasha
  1612 | D:2      | Reached skill level 1 in Staves
  1612 | D:2      | Reached skill level 1 in Evocations
  1717 | D:2      | Noticed Natasha
  1726 | D:2      | Killed Natasha
  1958 | D:2      | Found a faded altar of an unknown god.
  2030 | D:2      | Noticed Natasha
  2397 | D:2      | Killed Natasha
  2398 | D:2      | Reached XP level 5. HP: 40/40 MP: 1/9
  3193 | D:2      | HP: 1/32 [wight/+4 short sword (10)]
  3193 | D:2      | Slain by a wight

Illustrated notes

Levels and vault maps discovered:
D:1:      dpeg_arrival_more_subterranean_lakeside_camping, layout_basic,
          kennysheep_decorative_pillar
D:2:      layout_basic, hellmonk_ecumenical_altar_run_dry, nrook_mini_vaults,
          nicolae_eternal_life, uniq_natasha
D:3:      layout_basic, serial_shops, shop

Skill      XL: |  1  2  3  4  5 |
---------------+----------------+-----
Conjurations   | 1 |  1.9
Spellcasting   | 3 |  3.3
Armour         | 1 |  1.9
Fighting       | 1 |  1.6
Fire Magic     | 1 2 |  2.0
Staves         | 1 |  1.6
Evocations     | 1 |  1.5
Dodging        | |  1.3
Stealth        | |  1.4
Summonings     | |  1.9
Translocations | |  0.7

Action                     |  1- 3 |  4- 6 || total
---------------------------+-------+-------++-------
  Melee: Dagger            |    12 |       ||    12
         Staff             |    24 |    49 ||    73
   Cast: Magic Dart        |    62 |    29 ||    91
         Call Imp          |       |    11 ||    11
    Use: Scroll            |     1 |     5 ||     6
         Potion            |     1 |     1 ||     2
 Armour: Robe              |    27 |    11 ||    38
         Ring mail         |       |    41 ||    41
         Scale mail        |       |    22 ||    22
  Dodge: Dodged            |    24 |    36 ||    60

Table legend: (Time is in decaauts)
 A = Elapsed time spent in this place.
 B = Non-inter-level travel time spent in this place.
 C = Inter-level travel time spent in this place.
 D = Time resting spent in this place.
 E = Time spent auto-exploring this place.
 F = Levels seen in this place.
 G = Mean time per level.
                   A        B        C        D        E       F      G
               +--------+--------+--------+--------+--------+-----+--------+
         Total |   3214 |   3129 |     85 |    573 |   1899 |   3 | 1071.3 |
       Dungeon |   3214 |   3129 |     85 |    573 |   1899 |   3 | 1071.3 |
               +--------+--------+--------+--------+--------+-----+--------+

Top non-repeatable levels by time:
     D:2: 1320 daAuts
     D:1: 1274 daAuts
     D:3: 618 daAuts
